 Dungeon Crawl Stone Soup version 0.15-a0-1788-ga796aff (webtiles) character file.

14058 JogiH the Conjurer (level 12, -37/69 HPs)
             Began as a Gargoyle Wizard on June 29, 2014.
             Was a High Priest of Vehumet.
             Killed from afar by an ice dragon (51 damage)
             ... with a blast of cold
             ... in an ice cave.
             The game lasted 01:51:08 (20050 turns).

JogiH the Conjurer (Gargoyle Wizard)               Turns: 20050, Time: 01:51:30

HP -37/69        AC 20     Str 14      XL: 12   Next: 12%
MP   0/29        EV 13     Int 24      God: Vehumet [*****.]
Gold 241         SH  5     Dex  8      Spells:  8 memorised,  4 levels left

rFire  + + .     SeeInvis .     O - +5 mace (protect)
rCold  x . .     Clarity  .     J - +2 robe {MR+}
rNeg   + . .     rCorr    .     A - +1 buckler
rPois  +         rRot     +     b - +0 hat
rElec  +         Spirit   +     G - +0 cloak
SustAb .         Warding  .     H - +1 pair of gloves {Str+3}
rMut   .         Stasis   .     (no boots)
Gourm  .                        M - amulet of guardian spirit
MR     +....                    B - ring of fire
                                r - ring of protection from fire

@: very slightly contaminated, somewhat resistant to hostile enchantments,
unstealthy
A: blurry vision 1, life protection 1, electricity resistance, unbreathing,
petrification resistance, rot immunity, AC +8
a: Renounce Religion


You were in an ice cave.
You worshipped Vehumet.
Vehumet was extremely pleased with you.
You were hungry.

You visited 3 branches of the dungeon, and saw 15 of its levels.
You also visited: Ice Cave.

You collected 808 gold pieces.
You spent 567 gold pieces at shops.

Inventory:

Hand weapons
 x - a +0 hand axe of chopping
 E - a +0 quarterstaff
 L - a +3 quarterstaff
 O - a +5 mace of protection (weapon)
Armour
 b - a +0 hat (worn)
 u - a +0 cloak
 A - a +1 buckler (worn)
 G - a +0 cloak (worn)
 H - a +1 pair of gloves of strength (worn)
 J - a +2 robe of magic resistance (worn)
Magical devices
 a - a wand of digging (21)
 f - a wand of draining (6)
 m - a wand of fireball (2) {unknown}
 D - a wand of paralysis (3) {unknown}
 N - a wand of lightning (2)
Comestibles
 d - 9 bread rations
 g - 3 meat rations
Scrolls
 i - a scroll of enchant armour
 l - 3 scrolls of fear
 o - a scroll of identify
 q - 3 scrolls of teleportation
 t - 3 scrolls of remove curse
Jewellery
 j - an uncursed ring of teleport control
 r - a ring of protection from fire (left hand)
 B - a ring of fire (right hand)
 M - an amulet of guardian spirit (around neck)
Potions
 h - a potion of might
 k - 11 potions of curing
 n - a potion of magic
 p - a potion of restore abilities
 z - 3 potions of flight
 C - a potion of brilliance {unknown}
Books
 c - a book of Transfigurations

   Spells                             Type                      Level
   Stoneskin                          Transmutation/Earth          2
   Ice Form                           Ice/Transmutation            4
   Statue Form                        Transmutation/Earth          6
   Dragon Form                        Transmutation                7
 s - a book of Air

   Spells                             Type                      Level
   Shock                              Conjuration/Air              1
   Swiftness                          Charms/Air                   2
   Repel Missiles                     Charms/Air                   2
   Flight                             Charms/Air                   3
   Static Discharge                   Conjuration/Air              3
   Lightning Bolt                     Conjuration/Air              5
 w - a book of Annihilations {highlevel, unknown}

   This book is beyond your current level of understanding.

   Spells                             Type                      Level
   Poison Arrow                       Conjuration/Poison           6
   Chain Lightning                    Conjuration/Air              8
   Lehudib's Crystal Spear            Conjuration/Earth            8
   Glaciate                           Conjuration/Ice              9
   Fire Storm                         Conjuration/Fire             9
 I - a Young Poisoner's Handbook

   Spells                             Type                      Level
   Sting                              Conjuration/Poison           1
   Cure Poison                        Poison                       2
   *Mephitic Cloud                    Conjuration/Poison/Air       3
   *Olgreb's Toxic Radiance           Poison                       4
   Venom Bolt                         Conjuration/Poison           5
Magical staves
 y - an uncursed staff of cold


   Skills:
 * Level 5.9 Fighting
 * Level 5.0 Staves
 + Level 5.4 Dodging
 - Level 2.1 Stealth
 - Level 5.3 Shields
 * Level 9.1 Spellcasting
 + Level 9.8 Conjurations
 - Level 1.0 Summonings
 - Level 1.0 Translocations
 * Level 6.0 Fire Magic
 * Level 5.2 Air Magic
 - Level 2.0 Poison Magic


You had 4 spell levels left.
You knew the following spells:

 Your Spells              Type           Power        Failure   Level  Hunger
a - Magic Dart            Conj           ####         1%          1    None
b - Blink                 Tloc           N/A          8%          2    None
c - Call Imp              Summ           ###.....     8%          2    None
d - Conjure Flame         Conj/Fire      ######..     1%          3    None
e - Mephitic Cloud        Conj/Pois/Air  #####...     1%          3    None
f - Inner Flame           Hex/Fire       #####...     1%          3    None
g - Olgreb's Toxic Radia  Pois           ###.....     8%          4    ##.....
h - Orb of Destruction    Conj           ######....   36%         7    #######


Dungeon Overview and Level Annotations

Branches:
Dungeon (13/15)            Temple (1/1) D:4             Orc (1/4) D:9
   Lair: D:8-11      Vaults: D:13-14

Altars:
Ashenzari
Dithmenos
Elyvilon
Fedhas
Gozag
Makhleb
Nemelex Xobeh
Okawaru
Sif Muna
Trog
Vehumet
Xom
Yredelemnul
Zin

Shops:
D:5 *   D:10 [   Orc:1 (

Annotations:
D:7 dhhex's ghost, experienced DrCj
D:13 exclusion: ice statue


Innate Abilities, Weirdness & Mutations

You are resistant to torment.
You are immune to poison.
Your stone body is very resilient (AC +8).
You resist negative energy.
You are resistant to electric shocks.
You can survive without breathing.
You are immune to petrification.
You are immune to rotting.
Your vision is a little blurry.


Message History

Press: ? - help, Dir - move target cursor, p - ice beast
As you read the scroll of blinking, it crumbles to dust.
Drink which item? (? for menu, Esc to quit)
You feel better.
It was a potion of curing.
Casting: Orb of Destruction
Confirm with . or Enter, or press ? or * to list all spells.
Okay, then. 5 ice beasts come into view.
The ice beast moves out of view. x2
Read which item? (? for menu, Esc to quit)
As you read the scroll of teleportation, it crumbles to dust.
You feel strangely unstable.
You block the ice beast's attack. 2 ice beasts come into view.
Your surroundings suddenly seem different.
An ice dragon comes into view.
The ice dragon breathes frost at you. The blast of cold hits you!
You feel a terrible chill!
Ouch! That really hurt!
You die...

$$#
#$$$$##.
#$$$$#..#
#$$$....
#$$.D..#
#$.....#
#$...D.#
#$....#
#=@..#
#=$=##
#..="#
≈..#$##
≈###### ≈


You could see 2 ice dragons.

Vanquished Creatures
  A hill giant (D:10)
  Joseph (D:12)
  2 cyclopes
  Maurice (D:11)
  A kobold demonologist (D:13)
  An elf (shapeshifter) (D:13)
  A trapdoor spider zombie (D:13)
  Prince Ribbit (D:8)
  3 deep elf magi
  A slime creature (D:9)
  A hill giant zombie (D:8)
  2 yaks (D:11)
  2 hungry ghosts (D:11)
  3 ugly things (D:11)
  3 hippogriffs
  2 hill giant skeletons
  9 orc warriors
  Purgy (D:3)
  2 water moccasins
  4 sky beasts
  A yellow wasp (D:10)
  6 phantoms
  2 ice beasts (D:13)
  7 ogres
  2 black bears
  A crocodile (D:11)
  3 big kobolds
  6 centaurs
  Blork the orc (Orc:1)
  10 giant frogs
  An eye of draining (D:11)
  A cyclops skeleton (D:11)
  11 scorpions
  A troll zombie (D:11)
  A hippogriff zombie (D:9)
  10 killer bees
  2 giant frog zombies
  9 electric eels
  5 crimson imps
  12 wights
  A goliath beetle (D:6)
  13 jellies
  2 quasits
  4 hounds
  8 orc priests
  8 iguanas
  A kobold skeleton (D:13)
  14 orc wizards
  Natasha (twice) (D:6)
  12 worker ants
  2 sheep (D:13)
  Ijyb (D:3)
  An ogre skeleton (D:7)
  A big kobold skeleton (D:9)
  Terence (D:2)
  A worker ant zombie (D:9)
  4 gnolls (D:5)
  2 green rats
  2 shadow imps
  8 adders
  2 worms
  4 giant mites
  11 oozes (D:9)
  65 orcs
  2 ball pythons
  7 giant cockroaches
  11 goblins
  13 hobgoblins
  16 jackals
  24 kobolds
  7 quokkas
  33 bats
  6 giant geckos
  4 giant newts
  A goblin skeleton (D:5)
  A hobgoblin skeleton (D:5)
  A kobold zombie (D:5)
  An orc zombie (D:6)
  31 rats
  A rat skeleton (D:5)
  2 fungi (D:8)
465 creatures vanquished.

Vanquished Creatures (collateral kills)
  A killer bee (D:9)
  A worker ant (D:4)
  A worm (D:2)
  An orc (D:3)
  2 giant newts
6 creatures vanquished.

Vanquished Creatures (others)
  A crimson imp (D:13)
  An iron imp (D:13)
  2 orcs (D:7)
  12 fungi
  3 plants (D:8)
19 creatures vanquished.

Grand Total: 490 creatures vanquished

Notes
Turn   | Place    | Note
--------------------------------------------------------------
     0 | D:1      | JogiH, the Gargoyle Wizard, began the quest for the Orb.
     0 | D:1      | Reached XP level 1. HP: 10/10 MP: 4/4
   396 | D:1      | Reached XP level 2. HP: 15/15 MP: 0/6
   400 | D:1      | Learned a level 2 spell: Blink
   403 | D:1      | Learned a level 2 spell: Call Imp
   641 | D:1      | Reached skill level 1 in Translocations
  1136 | D:2      | Reached skill level 1 in Summonings
  1136 | D:2      | Reached XP level 3. HP: 19/19 MP: 2/8
  1368 | D:3      | Noticed an orc wizard
  1376 | D:3      | Killed an orc wizard
  1376 | D:3      | Reached XP level 4. HP: 24/24 MP: 3/10
  1450 | D:3      | Noticed an orc priest
  1665 | D:3      | Found an opulent altar of Gozag.
  1666 | D:3      | Found a burning altar of Makhleb.
  1813 | D:4      | Reached skill level 4 in Spellcasting
  2230 | D:2      | Learned a level 3 spell: Conjure Flame
  2234 | D:2      | Learned a level 3 spell: Mephitic Cloud
  2275 | D:2      | Noticed Terence
  2291 | D:2      | Killed Terence
  2325 | D:2      | Reached XP level 5. HP: 24/28 MP: 10/13
  2760 | D:3      | Noticed Ijyb
  2779 | D:3      | Killed Ijyb
  2939 | D:3      | Killed an orc priest
  3307 | D:3      | Noticed Purgy
  3313 | D:3      | Killed Purgy
  3313 | D:3      | Reached skill level 1 in Fire Magic
  3313 | D:3      | Reached skill level 1 in Air Magic
  3313 | D:3      | Reached skill level 1 in Poison Magic
  3313 | D:3      | Reached XP level 6. HP: 32/32 MP: 1/15
  3548 | D:4      | Found a shimmering altar of Xom.
  3591 | D:4      | Reached skill level 1 in Shields
  3699 | D:4      | Noticed a phantom
  3712 | D:4      | Killed a phantom
  3850 | D:5      | Entered Level 5 of the Dungeon
  3908 | D:5      | Reached XP level 7. HP: 36/36 MP: 0/18
  4232 | D:4      | Found an iron altar of Okawaru.
  4412 | D:4      | Found a staircase to the Ecumenical Temple.
  4513 | Temple   | Entered the Ecumenical Temple
  4530 | Temple   | Became a worshipper of Vehumet
  4919 | D:5      | Found Zisergh's General Store.
  4948 | D:5      | Bought a scroll of identify for 24 gold pieces
  4948 | D:5      | Bought a scroll of teleportation for 36 gold pieces
  4986 | D:6      | Found a bloodstained altar of Trog.
  5257 | D:5      | Noticed a water moccasin
  5268 | D:5      | Killed a water moccasin
  5268 | D:5      | Reached skill level 5 in Spellcasting
  5268 | D:5      | Reached skill level 5 in Conjurations
  5268 | D:5      | Reached XP level 8. HP: 37/41 MP: 2/20
  5469 | D:5      | Acquired Vehumet's first power
  5469 | D:5      | Offered knowledge of Sting by Vehumet.
  6702 | D:6      | Reached skill level 6 in Conjurations
  7202 | D:6      | Noticed Natasha
  7207 | D:6      | Killed Natasha
  7375 | D:7      | Reached XP level 9. HP: 45/45 MP: 12/22
  7450 | D:7      | Offered knowledge of Throw Flame by Vehumet.
  7607 | D:7      | Reached skill level 1 in Staves
  7612 | D:7      | Reached skill level 1 in Fighting
  8048 | D:6      | Reached skill level 7 in Conjurations
  8073 | D:6      | Noticed Natasha
  8078 | D:6      | Killed Natasha
  8686 | D:7      | Noticed dhhex's ghost (experienced DrCj)
  8865 | D:7      | Offered knowledge of Throw Frost by Vehumet.
  9127 | D:7      | Found a white marble altar of Elyvilon.
  9257 | D:7      | Acquired Vehumet's second power
  9744 | D:7      | Reached XP level 10. HP: 55/55 MP: 15/24
  9830 | D:8      | Reached skill level 8 in Conjurations
 10132 | D:7      | Offered knowledge of Stone Arrow by Vehumet.
 10545 | D:8      | Noticed Prince Ribbit
 10550 | D:8      | Killed Prince Ribbit
 11128 | D:10     | Entered Level 10 of the Dungeon
 11325 | D:7      | Acquired Vehumet's third power
 11766 | D:12     | Noticed a hill giant
 12030 | D:9      | Reached skill level 5 in Shields
 12123 | D:9      | Found a blossoming altar of Fedhas.
 12166 | D:9      | Offered knowledge of Inner Flame by Vehumet.
 12174 | D:9      | Learned a level 3 spell: Inner Flame
 12179 | D:9      | Learned a level 4 spell: Olgreb's Toxic Radiance
 12552 | D:8      | Found a burning altar of Makhleb.
 13156 | D:8      | Reached skill level 9 in Conjurations
 13504 | D:9      | Reached XP level 11. HP: 62/62 MP: 14/26
 13521 | D:9      | Offered knowledge of Orb of Destruction by Vehumet.
 13637 | D:9      | Found an iron altar of Okawaru.
 14094 | D:9      | Got a bloodstained chain mail
 14095 | D:9      | Identified the cursed -4 chain mail "Faff" {Str+1 Dex+4} (You found it on level 9 of the Dungeon)
 14174 | D:9      | Found a staircase to the Orcish Mines.
 14180 | Orc:1    | Entered Level 1 of the Orcish Mines
 14180 | Orc:1    | Found Zaurpheol's Antique Weapon Boutique.
 14180 | Orc:1    | Noticed Blork the orc
 14194 | Orc:1    | Killed Blork the orc
 14194 | Orc:1    | Reached skill level 5 in Fire Magic
 14287 | Orc:1    | Bought a crude morningstar for 243 gold pieces
 14288 | Orc:1    | Identified the cursed +3 morningstar "Stroown" {elec, Dex+2} (You bought it in a shop on level 1 of the Orcish Mines)
 15060 | D:5      | Bought a potion of magic for 66 gold pieces
 15060 | D:5      | Bought a +1 pair of gloves of strength for 198 gold pieces
 15379 | D:7      | Reached skill level 5 in Fighting
 15708 | D:10     | Learned a level 7 spell: Orb of Destruction
 15828 | D:10     | Found Kummuh's Armour Shop.
 15888 | D:10     | Noticed a hill giant
 16321 | D:11     | Offered knowledge of Iskenderun's Battlesphere by Vehumet.
 16347 | D:10     | Killed a hill giant
 16774 | D:10     | Reached skill level 5 in Dodging
 17967 | D:11     | Noticed a cyclops
 17976 | D:11     | Killed a cyclops
 18053 | D:11     | Found a deep blue altar of Sif Muna.
 18855 | D:11     | Found a basalt altar of Yredelemnul.
 19127 | D:11     | Reached skill level 5 in Air Magic
 19290 | D:11     | Noticed Maurice
 19307 | D:11     | Killed Maurice
 19369 | D:12     | Noticed Joseph
 19392 | D:12     | Killed Joseph
 19465 | D:13     | Reached XP level 12. HP: 69/69 MP: 14/29
 19574 | D:13     | Noticed a runed long sword
 19583 | D:13     | Reached skill level 5 in Staves
 19880 | D:13     | Found a frozen archway.
 19880 | D:13     | Noticed an ice statue
 19889 | D:13     | Gained mutation: Your vision is a little blurry. [mutagenic glow]
 20021 | IceCv    | Entered an ice cave
 20039 | IceCv    | HP: 1/69 [ice beast (19)]
 20050 | IceCv    | Killed from afar by an ice dragon

Action                   |  1- 3 |  4- 6 |  7- 9 | 10-12 || total
-------------------------+-------+-------+-------+-------++-------
Melee: Unarmed           |    29 |       |       |       ||    29
       Dagger            |     5 |   125 |   111 |       ||   241
       Whip              |       |       |   144 |   108 ||   252
       Mace              |       |       |       |   458 ||   458
 Cast: Magic Dart        |    54 |    84 |   366 |   652 ||  1156
       Call Imp          |     1 |     8 |     2 |     3 ||    14
       Conjure Flame     |       |    10 |    56 |    94 ||   160
       Mephitic Cloud    |       |     6 |    28 |    72 ||   106
       Blink             |       |       |     1 |     4 ||     5
       Olgreb's Toxic Ra |       |       |       |     2 ||     2
       Orb of Destructio |       |       |       |     1 ||     1
Evoke: Wand              |       |       |       |     2 ||     2
  Use: Scroll            |       |       |       |    29 ||    29
       Potion            |       |       |       |     4 ||     4
 Stab: Sleeping          |       |     9 |     1 |     1 ||    11
       Confused          |       |       |     2 |     6 ||     8
